Map: [ESL] Alcyone

Players

Astrea

  • Race: Protoss Protoss
  • Spawn Location: 7:00

Spirit - Winner!

  • Race: Terran Terran
  • Spawn Location: 1:00

Event: ESL Spring 2024 Finals

VOD

Have the link to the VOD?

Description

Time

  • Played on: June 1, 2024, 3 p.m.
  • Length: 27:13

All games in this series

Show
View Real Time Build Order
Export as new Build Order

Astrea Protoss 

Build Orders: 1 Gate Expand, Phoenix Opening, Blink Stalkers 

Get SALT Encoding   

  12  0:00  Probe  
  13  0:12  Probe  
  14  0:17  Pylon  
  14  0:24  Probe (Chrono Boost)  
  15  0:36  Probe (Chrono Boost)  
  15  0:37  Gateway  
  16  0:43  Probe (Chrono Boost)  
  16  0:47  Assimilator  
  17  0:50  Probe  
  18  1:03  Probe  
  19  1:15  Probe  
  20  1:22  Nexus  
  20  1:31  Cybernetics Core  
  20  1:34  Probe  
  21  1:40  Assimilator  
  21  1:46  Probe  
  22  1:48  Pylon  
  22  1:59  Probe (Chrono Boost)  
  23  2:07  Shield Battery, Sentry (Chrono Boost)  
  25  2:09  Warp Gate (Chrono Boost)  
  25  2:11  Probe (Chrono Boost)  
  26  2:19  Probe (Chrono Boost)  
  26  2:21  Stalker (Chrono Boost)  
  27  2:27  Probe (Chrono Boost)  
  30  2:30  Phoenix  
  30  2:34  Probe (Chrono Boost)  
  31  2:40  Twilight Council  
  31  2:43  Probe (Chrono Boost)  
  31  2:44  Probe (Chrono Boost)  
  33  2:50  Probe  
  33  2:51  Stalker  
  36  2:52  Probe  
  37  3:02  Probe  
  37  3:05  Probe  
  39  3:07  Gateway  
  39  3:13  Blink (Chrono Boost)  
  39  3:14  Probe  
  39  3:17  Probe  
  41  3:26  Probe  
  42  3:29  Probe  
  43  3:35  Robotics Facility  
  43  3:36  Gateway  
  43  3:40  Probe  
  44  3:42  Pylon  
  44  3:44  Pylon, Probe  
  45  3:52  Probe  
  45  3:53  Pylon  
  46  3:56  Probe  
  46  4:00  Stalker  
  41  4:04  Probe  
  41  4:08  Probe  
  40  4:16  Probe  
  41  4:17  Stalker  
  41  4:20  Probe  
  44  4:28  Probe  
  44  4:29  Nexus  
  45  4:32  Observer, Probe  
  47  4:40  Stalker, Probe  
  47  4:44  Probe  
  51  4:47  Stalker  
  51  4:52  Probe, Pylon  
  54  5:00  Charge  
  54  5:05  Probe  
  54  5:06  Probe  
  54  5:10  Stalker  
  56  5:17  Forge, Probe  
  56  5:18  Forge  
  56  5:19  Probe  
  58  5:22  Gateway x2  
  58  5:29  Probe  
  58  5:34  Probe  
  60  5:41  Probe  
  60  5:42  Gateway  
  61  5:44  Gateway  
  61  5:46  Gateway  
  61  5:48  Gateway  
  61  5:49  Probe x2  
  63  5:51  Protoss Ground Armor Level 1 (Chrono Boost)  
  63  5:53  Protoss Ground Weapons Level 1 (Chrono Boost)  
  63  5:54  Probe  
  64  6:01  Probe  
  64  6:02  Observer (Chrono Boost)  
  66  6:08  Probe x2  
  68  6:13  Probe  
  68  6:15  Stalker  
  63  6:32  Probe  
  64  6:35  Observer  
  64  6:37  Probe x2  
  66  6:44  Probe  
  67  6:50  Probe x2  
  69  6:56  Zealot, Probe  
  69  6:59  Nexus  
  69  7:00  Pylon  
  72  7:01  Zealot  
  72  7:02  Zealot  
  72  7:05  Pylon x2  
  72  7:07  Probe  
  76  7:12  Observer  
  76  7:16  Probe  
  76  7:18  Probe  
  76  7:19  Probe  
  76  7:20  Zealot x3  
  85  7:25  Zealot, Pylon  
  85  7:26  Zealot x4, Observer, Pylon x2  
  85  7:28  Probe  
  97  7:31  Probe  
  97  7:35  Shield Battery  
  98  7:41  Zealot  
  98  7:44  Zealot x2  
  98  7:45  Protoss Ground Armor Level 2 (Chrono Boost)  
  98  7:49  Zealot x5  
  106  7:52  Protoss Ground Weapons Level 2 (Chrono Boost)  
  102  7:59  Pylon  
  102  8:04  Zealot x3  
  106  8:05  Probe  
  91  8:13  Zealot x4  
  91  8:14  Probe  
  91  8:17  Zealot  
  91  8:19  Probe  
  97  8:23  Probe x2  
  99  8:28  Stalker x2  
  99  8:29  Stalker  
  99  8:30  Observer  
  99  8:32  Shield Battery  
  95  8:42  Stalker x3  
  95  8:45  Probe x4  
  101  8:51  Zealot x4  
  109  8:57  Stalker  
  111  9:02  Pylon  
  111  9:10  Stalker x2  
  111  9:11  Zealot  
  111  9:12  Zealot x4  
  111  9:13  Pylon, Probe x2  
  111  9:16  Warp Prism (Chrono Boost)  
  127  9:27  Zealot  
  127  9:30  Pylon  
  129  9:35  Zealot x7  
  143  9:39  Assimilator, Probe  
  143  9:41  Assimilator  
  144  9:49  Zealot  
  146  9:53  Protoss Ground Armor Level 3 (Chrono Boost)  
  144  10:04  Stalker x2  
  144  10:06  Zealot x5  
  155  10:28  Zealot x8  
  171  10:31  Nexus  
  171  10:33  Robotics Bay  
  171  10:35  Robotics Facility  
  171  10:38  Protoss Ground Weapons Level 3 (Chrono Boost)  
  171  10:39  Nexus, Pylon  
  171  10:41  Pylon  
  171  10:44  Pylon  
  171  10:45  Pylon  
  171  10:53  Photon Cannon  
  171  10:54  Shield Battery  
  171  10:58  Pylon  
  163  11:15  Zealot x8  
  179  11:19  Disruptor x2 (Chrono Boost), Probe x4  
  179  11:22  Photon Cannon  
  190  11:37  Stalker x3  
  196  11:47  Pylon  
  196  12:00  Photon Cannon  
  200  12:02  Disruptor (Chrono Boost)  
  200  12:12  Zealot  
  198  12:25  Robotics Facility  
  190  12:30  Zealot x4  
  190  12:31  Zealot  
  176  12:52  Zealot x8  
  176  12:55  Disruptor  
  188  13:04  Disruptor  
  180  13:06  Probe x3  
  180  13:07  Probe  
  184  13:14  Gateway  
  184  13:16  Nexus  
  184  13:17  Gateway  
  184  13:18  Gateway  
  180  13:20  Gateway  
  180  13:27  Zealot x8  
  180  13:30  Assimilator, Stargate  
  180  13:31  Assimilator, Probe x4  
  180  13:33  Assimilator  
  200  13:43  Photon Cannon  
  200  13:44  Photon Cannon  
  200  13:47  Pylon  
  198  13:49  Dark Shrine  
  198  13:50  Pylon  
  198  13:54  Assimilator  
  198  13:59  Assimilator  
  196  14:20  Protoss Air Weapons Level 1  
  196  14:21  Void Ray (Chrono Boost)  
  194  14:27  Disruptor  
  197  14:38  Photon Cannon  
  197  14:39  Photon Cannon  
  197  14:40  Shield Battery, Photon Cannon  
  183  14:45  Pylon  
  183  14:48  Disruptor x2  
  183  14:51  Zealot x5  
  187  15:07  Disruptor  
  187  15:11  Stalker x4  
  197  15:24  Observer  
  189  15:40  Shadow Stride, Protoss Shields Level 1  
  189  15:47  Dark Templar  
  179  15:54  Stalker x3  
  179  15:55  Stalker x8  
  155  16:17  Fleet Beacon  
  155  16:22  Probe x3  
  156  16:25  Dark Templar  
  156  16:31  Zealot  
  156  16:32  Zealot x10  
  180  16:34  Nexus  
  180  16:35  Assimilator  
  180  16:36  Probe x3  
  180  16:37  Assimilator  
  183  16:41  Nexus  
  183  16:44  Pylon  
  183  16:59  Stargate  
  181  17:02  Photon Cannon  
  181  17:03  Stargate, Photon Cannon  
  181  17:04  Photon Cannon  
  181  17:06  Shield Battery  
  179  17:10  Pylon  
  160  17:30  Stalker x4  
  160  17:31  Probe x5  
  166  17:41  Observer  
  166  17:43  Probe x2  
  168  17:47  Dark Templar x5  
  168  17:48  Dark Templar x3  
  182  17:53  Dark Templar x4  
  190  18:05  Assimilator  
  190  18:07  Photon Cannon  
  190  18:09  Photon Cannon  
  190  18:10  Photon Cannon  
  190  18:12  Protoss Air Weapons Level 2 (Chrono Boost)  
  190  18:40  Photon Cannon  
  186  18:43  Pylon  
  186  18:46  Disruptor x2 (Chrono Boost)  
  178  18:53  Disruptor (Chrono Boost)  
  158  18:56  Zealot  
  158  18:57  Zealot x11  
  174  19:19  Disruptor x2  
  182  19:29  Zealot x9  
  200  19:37  Zealot  
  200  19:38  Zealot x2, Disruptor  
  185  19:54  Disruptor  
  193  20:02  Zealot x3, Mothership (Chrono Boost)  
  191  20:15  Disruptor x2  
  197  20:33  Zealot x2  
  199  20:41  Tempest x3 (Chrono Boost)  
  194  20:50  Zealot x3  
  181  21:05  Robotics Bay  
  181  21:06  Robotics Facility  
  181  21:09  Robotics Facility  
  176  21:18  Dark Shrine  
  176  21:19  Stalker x12  
  176  21:22  Gateway  
  176  21:23  Gateway  
  196  21:28  Gateway  
  184  21:49  Zealot, Stalker x7  
  184  21:53  Nexus  
  177  22:19  Observer  
  159  22:28  Disruptor  
  163  22:32  Pylon  
  163  22:34  Pylon  
  163  22:36  Pylon  
  163  22:38  Pylon  
  163  22:50  Disruptor  
  133  23:00  Zealot x3  
  141  23:26  Pylon  
  139  23:30  Pylon  
  139  23:37  Dark Templar x3  
  138  23:42  Tempest (Chrono Boost)  
  126  24:10  Zealot  
  126  24:11  Dark Templar  
  130  24:22  Pylon  
  128  24:24  Pylon  
  128  24:26  Pylon  
  128  24:28  Pylon  
  126  24:31  Pylon  
  118  24:46  Probe  
  118  24:50  Zealot x4  
  118  24:51  Zealot  
  123  24:53  Zealot  
  107  25:03  Tempest (Chrono Boost)  
  68  25:21  Observer  
  68  25:22  Dark Templar x4  
  42  25:43  Tempest (Chrono Boost)  
  42  25:45  Cybernetics Core  
  42  25:46  Probe x3  
  50  25:57  Dark Templar x4  
  58  25:58  Probe x2  
  59  26:10  Probe x2 (Chrono Boost)  
  61  26:19  Tempest  
  61  26:22  Probe (Chrono Boost)  
  67  26:28  Probe (Chrono Boost)  
  67  26:58  Zealot x2  
Show
View Real Time Build Order
Export as new Build Order

Spirit Terran - Winner!

Build Orders:  

Get SALT Encoding   

  12  0:00  SCV  
  13  0:12  SCV  
  14  0:17  Supply Depot  
  14  0:24  SCV  
  15  0:38  SCV  
  15  0:39  Barracks  
  16  0:43  Refinery  
  16  0:50  SCV  
  17  1:03  SCV  
  18  1:15  SCV  
  19  1:26  Marine  
  19  1:27  Orbital Command  
  20  1:38  Command Center  
  20  1:50  Factory  
  20  1:53  SCV  
  21  2:02  Barracks Reactor  
  21  2:03  Supply Depot  
  21  2:06  SCV  
  22  2:10  Refinery  
  22  2:18  SCV  
  23  2:30  SCV  
  24  2:38  Starport  
  24  2:42  SCV, Hellion x2  
  29  2:52  Orbital Command  
  29  2:54  SCV  
  30  3:03  Hellion x2  
  34  3:06  SCV  
  34  3:07  Barracks Tech Lab  
  35  3:14  Medivac  
  35  3:17  Supply Depot  
  35  3:19  SCV  
  38  3:23  SCV  
  39  3:29  Widow Mine  
  39  3:30  Widow Mine  
  39  3:34  SCV  
  44  3:39  SCV  
  45  3:44  Supply Depot  
  45  3:46  SCV  
  46  3:50  Marine  
  46  3:51  SCV  
  48  3:58  SCV  
  47  4:03  SCV  
  47  4:09  Starport Tech Lab  
  46  4:10  SCV  
  46  4:15  SCV  
  46  4:16  Bunker  
  48  4:17  Siege Tank, Marine x2  
  48  4:19  Barracks  
  48  4:21  Barracks  
  48  4:22  SCV  
  54  4:25  Engineering Bay  
  54  4:27  SCV  
  54  4:28  Banshee  
  54  4:30  Cloaking Field  
  58  4:34  SCV  
  59  4:39  Supply Depot, SCV  
  59  4:40  Marine  
  61  4:46  SCV  
  62  4:56  Refinery  
  62  4:57  Refinery  
  62  4:58  SCV  
  61  5:01  Siege Tank  
  61  5:02  Supply Depot  
  61  5:03  Supply Depot, SCV  
  65  5:08  Barracks Tech Lab x2  
  65  5:10  SCV  
  65  5:11  Banshee  
  66  5:15  SCV  
  66  5:18  Marine x2  
  66  5:20  Supply Depot  
  69  5:24  SCV, Starport  
  69  5:27  SCV  
  70  5:32  Missile Turret, Stimpack  
  70  5:33  Supply Depot, Marine  
  71  5:37  Marine x2  
  71  5:38  Marine  
  71  5:39  SCV  
  71  5:41  Combat Shield  
  75  5:50  SCV  
  75  5:51  Marine  
  75  5:52  Supply Depot  
  75  5:55  Factory Reactor  
  78  5:57  Supply Depot, Terran Infantry Weapons Level 1, Marine  
  78  6:00  Marine  
  78  6:03  SCV  
  81  6:05  Marine  
  83  6:11  Marauder  
  83  6:15  Marine  
  84  6:18  Marine  
  84  6:23  Marauder  
  84  6:32  Command Center  
  86  6:33  Marauder  
  86  6:35  SCV x2  
  88  6:41  Siege Tank, Marine  
  88  6:44  Marauder, Medivac x2  
  88  6:46  Barracks  
  98  6:47  SCV x2  
  98  6:49  Barracks  
  98  6:52  Marine  
  103  6:54  Marauder  
  103  6:59  SCV x2  
  105  7:02  Supply Depot  
  105  7:04  Supply Depot  
  105  7:06  Marauder  
  104  7:11  SCV x2  
  105  7:17  Medivac x2  
  105  7:19  Widow Mine  
  105  7:22  Marine, Marauder  
  114  7:23  SCV  
  114  7:24  SCV  
  114  7:26  Supply Depot  
  114  7:27  Marauder  
  118  7:33  Supply Depot  
  118  7:35  SCV  
  118  7:36  Concussive Shells, SCV  
  118  7:37  Barracks Tech Lab, Barracks Reactor  
  120  7:38  Marine  
  120  7:40  Widow Mine  
  120  7:44  Marauder  
  125  7:45  SCV  
  125  7:47  Medivac x2  
  125  7:48  SCV x2  
  125  7:51  Marine, Marauder  
  127  7:59  Marauder  
  127  8:00  Ghost Academy  
  127  8:04  SCV  
  127  8:05  Marauder  
  119  8:16  Widow Mine  
  119  8:17  SCV, Medivac x2  
  119  8:18  Marine, Marauder  
  125  8:20  Orbital Command, Marauder  
  125  8:21  Marine  
  128  8:30  Marine  
  128  8:31  Marauder  
  128  8:33  Terran Infantry Armor Level 1  
  129  8:35  Refinery  
  129  8:37  Marine  
  129  8:39  Refinery  
  129  8:40  Marine x2  
  125  8:46  Marauder  
  125  8:47  Marauder, Medivac  
  125  8:48  Marine  
  129  8:49  Widow Mine  
  129  8:52  Marauder  
  129  8:53  Supply Depot  
  129  8:55  Marine  
  133  8:57  Marine  
  133  8:59  Marine  
  133  9:00  Sensor Tower  
  136  9:06  Marine  
  136  9:07  Medivac  
  136  9:08  Marauder x2  
  143  9:11  Widow Mine  
  143  9:13  Marine  
  146  9:22  SCV  
  147  9:25  Command Center  
  147  9:26  SCV  
  147  9:28  Ghost  
  147  9:29  Marine, Ghost  
  155  9:31  Marauder  
  155  9:32  Supply Depot, Widow Mine  
  155  9:34  SCV  
  155  9:37  SCV  
  155  9:38  Marine  
  160  9:39  SCV  
  161  9:46  Supply Depot, Armory  
  161  9:47  Engineering Bay  
  161  9:48  Medivac  
  161  9:50  SCV, Marine  
  155  9:53  Marauder  
  155  9:55  Marine  
  155  9:59  Medivac  
  160  10:01  Ghost  
  160  10:07  Ghost  
  160  10:14  Ghost  
  160  10:19  Supply Depot  
  156  10:25  Marine  
  156  10:27  Medivac  
  159  10:30  Ghost  
  161  10:36  Ghost, Terran Infantry Weapons Level 2  
  163  10:44  SCV x2, Marine  
  163  10:45  Marine x3, Terran Infantry Armor Level 2  
  163  10:46  SCV  
  163  10:47  Marine  
  171  10:55  Missile Turret  
  171  10:56  Missile Turret  
  171  10:59  Marine  
  171  11:02  Marine x2  
  174  11:05  Marine, Marauder x2  
  174  11:09  Marine, Refinery  
  174  11:11  Widow Mine  
  182  11:12  Refinery  
  182  11:13  Planetary Fortress  
  182  11:17  SCV, Marauder  
  182  11:18  SCV  
  186  11:20  Marine  
  186  11:21  Terran Ship Weapons Level 1  
  187  11:26  Marauder  
  187  11:27  Marauder  
  187  11:30  Marine  
  196  11:35  Viking  
  196  11:36  Viking  
  196  11:38  Marauder  
  196  11:39  Sensor Tower  
  196  11:42  Marine  
  193  11:47  Ghost  
  193  11:48  Marine, Marauder  
  193  11:49  Marine  
  199  12:00  Command Center  
  198  12:08  Viking  
  200  12:20  Marine, Marauder  
  198  12:28  Marine  
  198  12:29  Marine x3, Marauder, Viking  
  187  12:31  SCV  
  187  12:33  SCV  
  187  12:34  SCV  
  183  12:37  Marine  
  183  12:41  Marine  
  183  12:43  SCV  
  180  12:46  Marine x2  
  180  12:48  Medivac  
  148  12:51  Marine  
  148  12:52  Marine, Marauder  
  148  12:54  SCV  
  148  12:55  Marine  
  144  12:59  Marauder  
  144  13:01  SCV  
  144  13:02  SCV  
  144  13:04  Marine x2  
  144  13:06  SCV  
  144  13:09  Marine  
  148  13:14  SCV x2, Medivac  
  148  13:18  SCV  
  153  13:20  Medivac  
  153  13:23  SCV  
  153  13:26  SCV x2  
  161  13:27  Ghost x3  
  161  13:28  Marine  
  161  13:30  SCV, Marine x2  
  161  13:32  Terran Infantry Weapons Level 3  
  164  13:35  SCV  
  164  13:38  SCV, Missile Turret  
  166  13:42  SCV x2  
  166  13:48  Medivac  
  170  13:55  SCV  
  169  13:56  Ghost x2  
  169  14:00  Planetary Fortress  
  169  14:01  Marine, Marauder  
  176  14:04  Marine  
  176  14:05  SCV  
  176  14:06  SCV  
  179  14:13  Marine, Medivac  
  179  14:16  Marine  
  182  14:19  Terran Infantry Armor Level 3  
  182  14:21  Marine  
  182  14:23  Marauder  
  182  14:25  Marauder x2  
  182  14:26  Marine  
  187  14:34  Marine  
  188  14:39  Marine, Barracks  
  188  14:41  Barracks x2  
  188  14:44  Marauder  
  188  14:46  Marine, Marauder  
  188  14:47  Marauder  
  188  14:48  Liberator x2  
  199  14:53  Fusion Core, Marine  
  198  15:03  Marine  
  198  15:05  Marine, Marauder  
  192  15:13  Ghost x2  
  184  15:36  Ghost  
  184  15:37  Marine, Ghost Academy  
  184  15:39  Refinery x2  
  184  15:40  Marine  
  184  15:41  Command Center  
  184  15:42  Marine, Marauder x2  
  193  15:49  Liberator x2  
  193  15:57  Orbital Command  
  193  16:03  Marine  
  193  16:04  SCV  
  187  16:07  Marine  
  187  16:08  Marine  
  187  16:09  SCV, Marauder  
  187  16:14  SCV, Marine  
  187  16:22  Missile Turret  
  187  16:26  Fusion Core  
  187  16:32  Missile Turret  
  187  16:35  Sensor Tower  
  187  16:41  SCV  
  187  16:44  Marauder  
  187  16:45  SCV x2  
  187  16:47  Refinery, Marauder  
  187  16:48  SCV  
  187  16:52  Liberator  
  187  16:53  SCV, Marauder  
  190  16:55  Terran Ship Weapons Level 2  
  190  16:58  SCV  
  190  17:00  SCV  
  192  17:01  Starport  
  192  17:06  Missile Turret  
  192  17:07  Sensor Tower  
  185  17:11  Missile Turret  
  185  17:12  Ghost  
  185  17:13  Marine  
  185  17:14  Marauder  
  186  17:17  Marine, Marauder  
  183  17:25  Marine  
  183  17:28  Advanced Ballistics  
  173  17:30  Marine  
  173  17:34  Medivac  
  173  17:35  Marine, Marauder, Medivac  
  173  17:36  Marine  
  173  17:38  Marine  
  173  17:40  Marine  
  175  17:46  SCV x4  
  175  17:47  Marine  
  177  17:52  Starport Reactor  
  177  17:56  Marauder  
  177  17:58  SCV x4  
  183  18:02  Missile Turret, Sensor Tower  
  183  18:03  Medivac  
  183  18:05  Liberator  
  185  18:10  SCV x4  
  180  18:27  Missile Turret  
  180  18:29  Refinery, Sensor Tower  
  180  18:30  Liberator  
  180  18:31  Liberator  
  180  18:33  Liberator  
  185  18:37  Supply Depot  
  175  18:59  Liberator  
  175  19:02  Command Center  
  178  19:12  Supply Depot  
  178  19:13  Liberator  
  178  19:14  Liberator  
  178  19:26  Missile Turret  
  178  19:27  Liberator  
  173  19:31  SCV  
  173  19:33  Ghost  
  173  19:34  Ghost  
  165  19:41  Ghost  
  165  19:45  Marine, Refinery  
  165  19:48  Marine  
  165  19:49  Marine  
  165  19:55  Liberator  
  165  19:57  Liberator  
  160  20:00  Orbital Command  
  160  20:02  Ghost x2  
  157  20:07  Orbital Command  
  157  20:09  SCV  
  157  20:10  Liberator, Ghost  
  159  20:22  Marine x3  
  162  20:31  Marauder  
  162  20:32  Marauder  
  162  20:34  Marine  
  166  20:38  Liberator  
  166  20:39  Marauder  
  171  20:43  Marine  
  172  20:58  Marauder x2  
  172  21:02  Marine  
  172  21:04  Marine, Marauder  
  172  21:05  Liberator  
  171  21:12  Marine  
  162  21:50  Supply Depot  
  162  21:53  Supply Depot  
  154  22:13  Marine, Marauder, Medivac  
  154  22:14  Marauder x2, Medivac  
  149  22:21  Marine  
  142  22:30  Marine  
  142  22:34  Marine x2, Marauder  
  142  22:35  Marine, Marauder  
  150  22:39  Marine  
  151  22:48  Marine  
  142  22:52  Marine  
  142  22:53  Marine  
  142  22:58  Marine  
  117  23:02  Marauder  
  120  23:10  Marine  
  121  23:22  Viking  
  119  23:36  Marauder  
  119  23:39  Marine  
  120  23:55  Viking  
  120  24:16  Ghost  
  108  24:31  Marauder  
  108  24:39  Marine  
  108  24:43  Marine  
  103  24:48  Marine  
  103  24:56  Marine  
  98  25:15  Marine  
  97  25:32  Marine  
  97  25:35  Marine  
  99  25:39  Marine  
  98  25:44  Orbital Command  
  98  25:45  Marine  
  96  26:21  Missile Turret  
Tags
 
Add a new tag
Caveats
  • Supply blocks, unpowered buildings, or Contaminate may cause inaccurate times.
  • Supply counts are checked every 10 seconds.